[Event "Early-Titled-Tuesday-Blitz-October-03-2023"]
[Site "Chess.com"]
[Date "2023.10.03"]
[Round "10"]
[White "lluiss"]
[Black "ChampStan"]
[Result "1/2-1/2"]
[WhiteElo "2207"]
[BlackElo "2115"]
[TimeControl "180+1"]
[EndTime "9:57:18 PDT"]
[Termination "Game drawn by agreement"]

1. e4 d5 2. e5 Nc6 3. d4 e6 4. Nf3 Nge7 5. c3 Nf5 6. Bd3 Nh4 7.
O-O Be7 8. Nbd2 O-O 9. Nxh4 Bxh4 10. Nf3 h6 11. Nxh4 Qxh4 12. f4 Qd8 13. Qg4 Ne7 14. Qh3 c5 15. Be3 cxd4 16. cxd4 Qb6 17. Rf2 Nf5 18. Bxf5 exf5 19. Qf3 Be6 20. Rc2 Rac8 21. Rac1 Rxc2 22. Rxc2 Qb5 23. Qf1 Qxf1+ 24. Kxf1 Rc8 25. Rxc8+ Bxc8 26. Ke2 Kf8 27. Kd2 Ke7 28. Kc3 Kd7 29.
Bd2 Kc6 30. b4 Kb5 31. Kb3 f6 32. a4+ Kc6 33. b5+ Kb6 34. exf6 gxf6 35. Bb4 Be6 36.
Bc5+ Kc7 37. Be7 Bf7 38. Bxf6 Bg6 39. Be7 Bf7 40. Bc5 b6 41. Bf8 h5 42. g3 Be8 43. Kb4 Kb7 44. Bg7 Bf7 45. Be5 Be6 46. h3 Bf7 47. Kc3 Be8 48. Bf6 Bf7 49. Be7 Be8 50. Bb4 a6 51. bxa6+ Kxa6 52. Kb3 Bd7 53. Bd2 Be8 54. Kb4 Bd7 55. Be3 Be8 56. Bf2 Bd7 57. Be1 Be8 58. Ka3 Bd7 59. Kb3 Be8 1/2-1/2

[Event "Early-Titled-Tuesday-Blitz-October-03-2023"]
[Site "Chess.com"]
[Date "2023.10.03"]
[Round "10"]
[White "MatthewG-p4p"]
[Black "Korchmar_Vasiliy"]
[Result "0-1"]
[WhiteElo "2824"]
[BlackElo "2700"]
[TimeControl "180+1"]
[EndTime "9:57:21 PDT"]
[Termination "Korchmar_Vasiliy won by resignation"]

1. f4 d5 2. Nf3 Nf6 3. g3 Bf5 4. Bg2 e6 5. O-O h5 6. d3 Nc6 7.
Nc3 Bc5+ 8. e3 a6 9. Kh1 Ng4 10. Qe1 Nb4 11. Qe2 h4 12. Nxh4 Rxh4 13. gxh4 Qxh4 14.
Bf3 O-O-O 15. a3 Nc6 16. Bd2 Rh8 17. Bxg4 Bxg4 18. Qf2 Qh5 19. Qg3 Ne7 20. Rf2 Nf5 21. Qg2 Nxe3 22. Bxe3 Bxe3 23. Raf1 Bxf2 24. Rxf2 Rh6 25.
Ne2 Qh4 26. Ng3 Rg6 27. Kg1 Kb8 28. c4 dxc4 29. dxc4 Bf5 30. Qf3 Bg4 31. Qe3 Bh3 32.
Rd2 Qe7 33. b4 Rh6 34. c5 Rh8 35. Qd4 f6 36. a4 e5 37. fxe5 fxe5 38. Qe4 Rf8 39.
Re2 Qf6 40. Re1 Qf2+ 41. Kh1 Bd7 42. b5 axb5 43. axb5 Bxb5 44. Qe3 Bc6+ 45. Ne4 Qxe3 46. Rxe3 Rf4 0-1

[Event "Early-Titled-Tuesday-Blitz-October-03-2023"]
[Site "Chess.com"]
[Date "2023.10.03"]
[Round "10"]
[White "knightinshiningarmour16"]
[Black "Dmitry_Konenkin"]
[Result "0-1"]
[WhiteElo "2119"]
[BlackElo "2360"]
[TimeControl "180+1"]
[EndTime "9:57:22 PDT"]
[Termination "Dmitry_Konenkin won by checkmate"]

1. d4 d6 2. c4 e5 3. dxe5 dxe5 4.
Qxd8+ Kxd8 5. Nf3 f6 6. Nc3 Be6 7. e4 Nd7 8. Be3 c6 9. O-O-O Kc7 10.
Kb1 Nh6 11. h3 Nf7 12. Be2 a6 13. a3 b5 14. cxb5 axb5 15. Nh4 g6 16. f4 Bh6 17. g3 Nd6 18. Ng2 Nc4 19. Bc1 Rhb8 20. g4 b4 21. axb4 Rxb4 22. Bxc4 Bxc4 23. f5 Bxc1 24.
Kxc1 Bb3 25. Rde1 Nc5 26. Kd2 Rd8+ 27. Ke3 Rd3+ 28. Kf2 Bc4 29. Nd1 Bb5 30. fxg6 hxg6 31. Nh4 Nxe4+ 32. Kg1 Ng5 33. Rf1 Nxh3+ 34. Rxh3 Rxh3 35.
Nxg6 Rxg4+ 36. Kf2 Bxf1 37. Ne7 Bc4 38. Ne3 Rxe3 39.
Kxe3 Rg2 40. b4 Rb2 41. Ng8 f5 42. Ne7 Be6 43. b5 Rxb5 44. Kf3 Rb3+ 45. Ke2 Kd6 46. Ng6 f4 47. Nh4 Bg4+ 48. Kf2 Rb2+ 49. Kg1 e4 50. Ng2 Ke5 51. Kf1 Bh3 52. Kg1 Rxg2+ 53. Kh1 Rb2 54. Kg1 e3 55. Kh1 Bg4 56. Kg1 f3 57. Kf1 Rg2 58. Ke1 Rg1# 0-1

[Event "Early-Titled-Tuesday-Blitz-October-03-2023"]
[Site "Chess.com"]
[Date "2023.10.03"]
[Round "10"]
[White "scarabee43"]
[Black "Zavgorodniy_Sergiy"]
[Result "1-0"]
[WhiteElo "2805"]
[BlackElo "2633"]
[TimeControl "180+1"]
[EndTime "9:57:23 PDT"]
[Termination "scarabee43 won on time"]

1. d4 Nf6 2. c4 e6 3. Nf3 Bb4+ 4. Bd2 Qe7 5. g3 Nc6 6. Bg2 Bxd2+ 7. Qxd2 Ne4 8. Qc2 Qb4+ 9. Nc3 Nxc3 10. Qxc3 Qxc3+ 11. bxc3 Na5 12. c5 d6 13. cxd6 cxd6 14. Nd2 Ke7 15.
c4 Bd7 16. O-O Rhc8 17. Rfc1 Rab8 18. e3 Bc6 19. Bf1 b6 20. Bd3 Bb7 21. f3 Rc7 22. Nb3 Nc6 23. Kf2 Ba6 24. Be2 Rbc8 25. a3 Nb8 26. Nd2 d5 27. Rc3 Bxc4 28. Nxc4 dxc4 29. a4 e5 30. dxe5 Nc6 31. f4 Na5 32. Rac1 Rd8 33. R1c2 Rc5 34. e4 a6 35. Ke3 b5 36. axb5 axb5 37. Rb2 Nc6 38. Rb1 Ra8 39. Rd1 Ra2 40.
Rd5 Rxd5 41. exd5 Nb4 42. d6+ Kd8 43. Bf3 Nc2+ 44. Ke4 Na3 45. f5 b4 46. Rc1 b3 47.
e6 fxe6 48. fxe6 b2 49. e7+ Ke8 50. Ke5 1-0

[Event "Early-Titled-Tuesday-Blitz-October-03-2023"]
[Site "Chess.com"]
[Date "2023.10.03"]
[Round "10"]
[White "MikaelyanArman"]
[Black "SAInt_666"]
[Result "1-0"]
[WhiteElo "2848"]
[BlackElo "2647"]
[TimeControl "180+1"]
[EndTime "9:57:23 PDT"]
[Termination "MikaelyanArman won by resignation"]

1. b3 d5 2. Bb2 c5 3. g3 Nc6 4.
Bg2 Nf6 5. Nf3 e6 6. O-O Be7 7. e3 b6 8. c4 Bb7 9. Nc3 O-O 10.
cxd5 exd5 11. d4 Re8 12. Rc1 Rc8 13. Bh3 Ra8 14. dxc5 bxc5 15. Na4 Ne4 16. Ba3 Nb4 17. Bxb4 cxb4 18. Nd4 Bd6 19. Qh5 g6 20. Qe2 a5 21. Rfd1 Qf6 22. Nb5 Be5 23. Bg2 Rad8 24. Qf3 Qe7 25. Nd4 Rc8 26. h4 Rxc1 27. Rxc1 h5 28. Bh3 Bd6 29. Nb6 Nc3 30. Na4 Nxa2 31. Rc2 Nc3 32. Nxc3 bxc3 33. Rxc3 Be5 34. Rc1 Qb4 35.
Bd7 Rd8 36. Ba4 Bxd4 37. exd4 Rc8 38. Rxc8+ Bxc8 39. Qxd5 Qe1+ 40. Kg2 Be6 41. Qa8+ Kg7 42. Qf3 Bf5 43. Bc6 Bg4 44. Qe4 Qc3 45. Qe5+ Kg8 46. Bd5 Qb4 47. Qe8+ Qf8 48. Bxf7+ Kg7 49. Qxf8+ Kxf8 50. Bc4 1-0

[Event "Early-Titled-Tuesday-Blitz-October-03-2023"]
[Site "Chess.com"]
[Date "2023.10.03"]
[Round "10"]
[White "LionTheLeon_06"]
[Black "PoXerStar"]
[Result "1-0"]
[WhiteElo "2778"]
[BlackElo "2449"]
[TimeControl "180+1"]
[EndTime "9:57:23 PDT"]
[Termination "LionTheLeon_06 won by resignation"]

1. c4 e6 2. Nf3 d5 3. e3 b6 4. b3 Bb7 5. Bb2 Nf6 6. Nc3 dxc4 7. bxc4 c5 8. Be2 Be7 9. O-O O-O 10. Qc2 Nc6 11. Rfd1 Rc8 12. Nb5 a6 13. Nc3 Qc7 14. Rab1 Rfd8 15. Ba1 Nb4 16. Qb3 Ng4 17. a3 Bxf3 18. Bxf3 Qxh2+ 19. Kf1 Nd3 20. Ne4 f5 21. Qxb6 fxe4 22. Qxe6+ Kh8 23. Qxe7 Qh1+ 24. Ke2 exf3+ 25. gxf3 Qh6 26. fxg4 Nf4+ 27. Kf3 Qh3+ 28. Kxf4 Rf8+ 29. Ke4 Rfe8 30. Qxe8+ Rxe8+ 31. Kd3 Qxg4 32. f4 Qf5+ 33. Ke2 Qe4 34. Rg1 Qxc4+ 35. Kf2 h5 36. Rxg7 Qc2 37.
Rbg1 Qxd2+ 38. Kg3 Rxe3+ 39. Kh4 Qh2+ 40. Kg5 Rg3+ 41.
Rxg3 Qxg3+ 42. Kh6 Qxf4+ 43. Rg5+ Qd4 44. Bxd4+ cxd4 45. Rd5 1-0

[Event "Early-Titled-Tuesday-Blitz-October-03-2023"]
[Site "Chess.com"]
[Date "2023.10.03"]
[Round "10"]
[White "SashaKuzhilniy"]
[Black "Abund"]
[Result "1-0"]
[WhiteElo "2646"]
[BlackElo "2762"]
[TimeControl "180+1"]
[EndTime "9:57:24 PDT"]
[Termination "SashaKuzhilniy won by resignation"]

1. b3 d5 2. Bb2 Nf6 3. Nf3 e6 4. g3 Be7 5. Bg2 O-O 6. O-O b6 7. d3 Bb7 8. Nbd2 Nbd7 9. c4 c5 10. Ne5 Nxe5 11. Bxe5 Nd7 12. Bb2 Bf6 13. Qc1 Rc8 14.
a3 h6 15. Rb1 Qc7 16. Bxf6 Nxf6 17. Qb2 Rfd8 18. b4 dxc4 19. Bxb7 Qxb7 20. Nxc4 h5 21. h4 b5 22. bxc5 Rxc5 23. Ne3 a6 24. Rfc1 Rdc8 25.
Rxc5 Rxc5 26. Rc1 Rxc1+ 27. Qxc1 a5 28. Qc5 b4 29. Qxa5 b3 30. Qe1 b2 31. Qb1 Qb3 32. Nc4 Ng4 33. Qxb2 Qd1+ 34. Kg2 Qe1 35. Qb8+ Kh7 36.
Qf4 f5 37. e3 Qd1 38. Ne5 Nf6 39. a4 Nd5 40. Qf3 Qxa4 41. Qxh5+ Kg8 42. Qf7+ Kh7 43. Qxe6 Nxe3+ 44. fxe3 Qc2+ 45. Kh3 Qf2 46. Qd5 Qxe3 47. Nf3 g6 48. Ng5+ Kh6 49. Qe5 Qxe5 50. Nf7+ Kg7 51.
Nxe5 Kf6 52. d4 Ke6 53. Nxg6 1-0

[Event "Early-Titled-Tuesday-Blitz-October-03-2023"]
[Site "Chess.com"]
[Date "2023.10.03"]
[Round "10"]
[White "GalaxyRoman"]
[Black "goldihouse"]
[Result "1-0"]
[WhiteElo "2719"]
[BlackElo "2597"]
[TimeControl "180+1"]
[EndTime "9:57:24 PDT"]
[Termination "GalaxyRoman won on time"]

1. e4 e6 2. Nc3 d5 3. d4 Nf6 4.
e5 Nfd7 5. f4 c5 6. Nf3 Nc6 7. Be3 Be7 8. Qd2 O-O 9. Ne2 f6 10.
c3 fxe5 11. dxe5 Nb6 12. Ng3 Bd7 13. Be2 Be8 14. O-O Bg6 15. b3 a5 16. Bb5 a4 17. Qf2 axb3 18. axb3 Nd7 19. Qe2 Qc7 20.
Bd3 Bxd3 21. Qxd3 Na5 22. Qc2 Qb6 23. Rab1 Nc6 24. b4 Qc7 25. b5 Na5 26. Rbe1 Nc4 27. f5 Ndxe5 28. Nxe5 Nxe5 29. Bf4 Bd6 30. b6 Qb8 31.
fxe6 Nf3+ 32. Rxf3 Bxf4 33. e7 Re8 34. Qf5 Bxg3 35. Qxd5+ Kh8 36. hxg3 Qc8 37. Qe6 Qxe6 38. Rxe6 Kg8 39. Rf5 Rac8 40. c4 h6 41. g4 Rc6 42.
Rxc6 bxc6 43. Rxc5 Rxe7 44. Rxc6 Re4 45. b7 1-0

[Event "Early-Titled-Tuesday-Blitz-October-03-2023"]
[Site "Chess.com"]
[Date "2023.10.03"]
[Round "10"]
[White "verrbaa"]
[Black "LeoWin2012"]
[Result "1-0"]
[WhiteElo "2465"]
[BlackElo "2320"]
[TimeControl "180+1"]
[EndTime "9:57:25 PDT"]
[Termination "verrbaa won on time"]

1. Nf3 Nf6 2. g3 d5 3. Bg2 g6 4. O-O Bg7 5. c4 c6 6. b3 Ne4 7.
d4 O-O 8. Bb2 Nd7 9. Nbd2 Ndf6 10. Ne5 Bf5 11. f3 Nxd2 12. Qxd2 Nd7 13. Nd3 Re8 14.
e4 Be6 15. Nf4 Nf8 16. Nxe6 Nxe6 17. cxd5 cxd5 18. e5 Qb6 19. f4 Nc7 20. f5 e6 21.
f6 Bf8 22. h4 Nb5 23. h5 Rac8 24. hxg6 hxg6 25. Bf3 Na3 26. Rac1 Nb5 27. Kg2 Rc6 28. Qg5 Rec8 29. Rxc6 Qxc6 30. Bd1 Nxd4 31. Bxd4 Qc1 32. Qxc1 Rxc1 33. Bf3 Rc2+ 34. Rf2 Rc6 35. g4 a6 36. Re2 b5 37. g5 Ba3 38. Kf2 Bc1 39. Be3 Ba3 40. Ke1 Kf8 41. Kd1 Bb4 42. Rc2 Rxc2 43.
Kxc2 Be1 44. Be2 Ke8 45. a4 bxa4 46. bxa4 a5 47. Bd2 Bxd2 48. Kxd2 Kd7 49. Kc3 Kc6 50. Kd4 Kb6 51. Bd3 1-0

[Event "Early-Titled-Tuesday-Blitz-October-03-2023"]
[Site "Chess.com"]
[Date "2023.10.03"]
[Round "10"]
[White "hypert"]
[Black "crazy_m_attack"]
[Result "0-1"]
[WhiteElo "2488"]
[BlackElo "2418"]
[TimeControl "180+1"]
[EndTime "9:57:27 PDT"]
[Termination "crazy_m_attack won by resignation"]

1. d4 Nf6 2. c4 e6 3. Nc3 Bb4 4. e3 d5 5. Nf3 O-O 6. Bd2 dxc4 7.
Bxc4 b6 8. O-O Bb7 9. Qe2 Nbd7 10. Rac1 Qe7 11. Ba6 Bxa6 12. Qxa6 e5 13. a3 Bxc3 14. Bxc3 e4 15. Ne5 Nxe5 16. dxe5 Nd5 17. Qc4 Nxc3 18. Rxc3 Qxe5 19. Qxc7 Qb5 20. b4 h6 21. h3 Qf5 22.
Rfc1 Rad8 23. Qxa7 Rd2 24. Rf1 Qe5 25. Qc7 Qf6 26.
Qc6 Rd6 27. Qc7 Rfd8 28. Rcc1 Qb2 29. Qc3 Qe2 30. Qc4 Rd3 31. Qxe4 Rxa3 32. Qe7 Rad3 33. Rc7 Rf8 34. Qe4 Rd1 35. Rxd1 Qxd1+ 36. Kh2 Qd6+ 37.
Qf4 Qg6 38. Rb7 Re8 39. Qc7 Re6 40. Rb8+ Kh7 41. Qc2 Qxc2 42. Rc8 Qxc8 0-1

[Event "Early-Titled-Tuesday-Blitz-October-03-2023"]
[Site "Chess.com"]
[Date "2023.10.03"]
[Round "10"]
[White "Grossboss19"]
[Black "Juicy_Fork"]
[Result "0-1"]
[WhiteElo "2516"]
[BlackElo "2466"]
[TimeControl "180+1"]
[EndTime "9:57:28 PDT"]
[Termination "Juicy_Fork won on time"]

1. e4 e5 2. Nf3 Nc6 3. Bb5 a6 4. Ba4 d6 5. h3 Bd7 6. O-O g6 7. c3 Bg7 8. d4 Nf6 9. Re1 O-O 10.
Nbd2 Qe7 11. Bc2 b5 12. a4 Rfb8 13. d5 Nd8 14. axb5 axb5 15. Rxa8 Rxa8 16. Bd3 Nh5 17. Bf1 c6 18. dxc6 Bxc6 19. Nb1 Ne6 20. g3 Nc5 21. Nfd2 h6 22. b4 Ne6 23. Na3 Rb8 24.
Bb2 Kh7 25. Nb3 Rd8 26. Bg2 Nc7 27. Na5 Ba8 28. Qc2 d5 29. exd5 Nxd5 30. Nxb5 Qd7 31. Na3 Rc8 32. Qb3 Qe6 33. Rd1 Rd8 34. c4 Ne7 35.
Rxd8 Bxg2 36. Kxg2 e4 37. Bxg7 Nxg7 38. Qe3 Nef5 39.
Qf4 e3 40. fxe3 Nxe3+ 41. Kf2 Nef5 42. Nb3 g5 43. Qd6 Nxd6 44. Nd4 Qf6+ 0-1

[Event "Early-Titled-Tuesday-Blitz-October-03-2023"]
[Site "Chess.com"]
[Date "2023.10.03"]
[Round "10"]
[White "Hrant_ChessMood"]
[Black "Indianlad"]
[Result "1-0"]
[WhiteElo "2951"]
[BlackElo "3022"]
[TimeControl "180+1"]
[EndTime "9:57:29 PDT"]
[Termination "Hrant_ChessMood won by resignation"]

1. d4 Nf6 2. c4 e6 3. Bf4 d5 4.
e3 Bd6 5. Nc3 Bxf4 6. exf4 O-O 7. Nf3 b6 8. Bd3 Ba6 9. cxd5 Bxd3 10. Qxd3 Nxd5 11. g3 Nd7 12. Nxd5 exd5 13. O-O c5 14. dxc5 Nxc5 15. Qc2 Qd7 16. Rad1 Rad8 17. Ne5 Qh3 18.
Nc6 Rd6 19. Ne7+ Kh8 20. Nxd5 Ne6 21. Ne3 Nd4 22. Qe4 Rfd8 23. Qg2 Qh5 24. Kh1 f5 25. h4 b5 26. Rd2 h6 27. Rfd1 g5 28. Nc2 gxh4 29.
g4 fxg4 30. Rxd4 h3 31. Qe4 Re8 32. Qd3 Rde6 33. Kh2 Qh4 34. Qg3 Qf6 35. Ne3 h5 36.
Rd5 Kg7 37. Rxh5 Rxe3 38. Qxg4+ Kf7 39. Rh7+ Kf8 40. fxe3 Qxb2+ 41. Kxh3 Rxe3+ 42. Kh4 Qh2+ 43. Kg5 Qxh7 44. Rd8+ Re8 45. Rxe8+ Kxe8 46. Qc8+ Kf7 47. Qb7+ Kg8 48. Qb8+ Kg7 49. Qxa7+ Kg8 50. Qxh7+ Kxh7 51. Kf6 1-0

[Event "Early-Titled-Tuesday-Blitz-October-03-2023"]
[Site "Chess.com"]
[Date "2023.10.03"]
[Round "10"]
[White "NMJeevanK"]
[Black "Orujov2008"]
[Result "0-1"]
[WhiteElo "2530"]
[BlackElo "2650"]
[TimeControl "180+1"]
[EndTime "9:57:29 PDT"]
[Termination "Orujov2008 won by resignation"]

1. b3 e5 2. Bb2 Nc6 3. g3 d5 4. Bg2 e4 5. c4 Bf5 6. cxd5 Qxd5 7. Nc3 Qe5 8. Nh3 h5 9. Nf4 h4 10. O-O hxg3 11. fxg3 O-O-O 12. e3 Nf6 13. Qc2 Qa5 14.
a3 Ne5 15. b4 Nf3+ 16. Kf2 Bxb4 17. axb4 Ng4+ 18. Ke2 Qxb4 19. Ncd5 Rxd5 20. Qxc7+ Kxc7 21. Nxd5+ Kd6 22. Nxb4 Rxh2 23. Rg1 Nxg1+ 24. Rxg1 Be6 25. Bxg7 Bb3 26. Bc3 f5 27. Kf1 a5 28. Rh1 Rxh1+ 29. Bxh1 axb4 30. Bxb4+ Kd5 31. Ke2 b5 32. Bg2 Bc4+ 33.
Ke1 Ne5 34. Kd1 Nd3 35. Bc3 b4 36. Bf6 b3 37. Bf1 Nb4 38. Bxc4+ Kxc4 39. Kc1 Nd3+ 40.
Kb1 Ne1 41. Bc3 Nf3 42. Kb2 Kd3 43. Kxb3 Nxd2+ 44. Kb4 Nf1 45. Be5 Nxe3 46. Kc5 Nf1 47. Bf4 e3 48. Bxe3 Nxe3 49. Kd6 Ke2 50. Ke5 Kf3 51. g4 Kxg4 52. Kd4 f4 53. Kd3 f3 54.
Kxe3 Kg3 55. Kd2 f2 56. Ke2 Kg2 0-1

[Event "Early-Titled-Tuesday-Blitz-October-03-2023"]
[Site "Chess.com"]
[Date "2023.10.03"]
[Round "10"]
[White "Sergey85Rodchenkov"]
[Black "jaskol95"]
[Result "0-1"]
[WhiteElo "2518"]
[BlackElo "2631"]
[TimeControl "180+1"]
[EndTime "9:57:29 PDT"]
[Termination "jaskol95 won by checkmate"]

1. e4 d5 2. exd5 Nf6 3. Nc3 Nxd5 4. Nf3 Nxc3 5. bxc3 g6 6. h4 Bg4 7. Be2 Bg7 8. Rb1 b6 9. Ng5 Bxe2 10. Qxe2 Qd5 11.
O-O Nc6 12. c4 Nd4 13. Qd3 Qd6 14. Ba3 c5 15. c3 Ne6 16. Qxd6 exd6 17. Rfe1 Ke7 18.
Re2 h6 19. Nxe6 fxe6 20. Rbe1 e5 21. f3 Kd7 22. Re4 Rhf8 23. Rg4 Rf6 24. h5 g5 25. d3 Rf4 26. Re4 Raf8 27. Bc1 Rxg4 28. Rxg4 Rb8 29. a4 a6 30. Bxg5 hxg5 31. Rxg5 Bf6 32. Rg6 Ke7 33. g4 e4 34. dxe4 Bxc3 35. f4 b5 36. cxb5 axb5 37. axb5 Rxb5 38. g5 Bd4+ 39. Kg2 c4 40. f5 c3 41. f6+ Ke6 42. Rg7 Rxg5+ 43. Rxg5 c2 44. f7 c1=Q 45. Rg6+ Kxf7 46. Rg3 Qg1+ 47. Kh3 Qh1+ 48.
Kg4 Kf6 49. Rf3+ Ke6 50. Rf5 Qxe4+ 51. Kg5 Be3+ 52. Kg6 Qxf5+ 53. Kg7 Qf7+ 54. Kh8 Bd4# 0-1

[Event "Early-Titled-Tuesday-Blitz-October-03-2023"]
[Site "Chess.com"]
[Date "2023.10.03"]
[Round "10"]
[White "Oleksandr_Bortnyk"]
[Black "DenLaz"]
[Result "1/2-1/2"]
[WhiteElo "3022"]
[BlackElo "3066"]
[TimeControl "180+1"]
[EndTime "9:57:33 PDT"]
[Termination "Game drawn by repetition"]

1. e4 e5 2. Nf3 Nc6 3. Bb5 Nf6 4. Nc3 Nd4 5. Ba4 c6 6. d3 b5 7. Bb3 a5 8. Nxe5 d5 9. Be3 Nxb3 10. axb3 b4 11.
Na4 Qc7 12. f4 dxe4 13. dxe4 Ba6 14. Bb6 Qb7 15. Qd4 Be7 16. O-O-O O-O 17. Bc5 Bb5 18. Bxe7 Qxe7 19. Nc5 a4 20. bxa4 Bxa4 21. b3 Bb5 22. Kb2 Rfd8 23. Qxb4 Rxd1 24. Rxd1 Nxe4 25. Ncd3 Nd6 26. Ra1 Rd8 27. Qc5 Bxd3 28. Nxd3 h6 29. Ra7 Qf6+ 30. Qe5 Qg6 31. Qe7 Re8 32. Qd7 Qf6+ 33.
Kb1 Kh7 34. Qxc6 Re6 35. Qd5 Ne4 36. Kc1 Nc3 37. Qc5 Ne2+ 38. Kb1 Nc3+ 39. Kc1 Ne2+ 40. Kd2 Nxf4 41. Ra5 Re2+ 42. Kd1 Nxd3 43. Qf5+ Qxf5 44. Rxf5 Rf2 45. Rxf2 Nxf2+ 46. Ke2 Ne4 47. Kd3 f5 48. b4 Kg6 49. Kd4 Kf6 50. Kd5 Nc3+ 51. Kc4 Ne4 52. Kd5 Nc3+ 53. Kc4 Ne4 54. Kd5 1/2-1/2

[Event "Early-Titled-Tuesday-Blitz-October-03-2023"]
[Site "Chess.com"]
[Date "2023.10.03"]
[Round "10"]
[White "ValentunHulka"]
[Black "Fandorine"]
[Result "0-1"]
[WhiteElo "2803"]
[BlackElo "2931"]
[TimeControl "180+1"]
[EndTime "9:57:34 PDT"]
[Termination "Fandorine won by resignation"]

1. e4 e6 2. d4 d5 3. Nd2 c5 4. exd5 Qxd5 5. Ngf3 cxd4 6. Bc4 Qd7 7. O-O Nc6 8. Nb3 Nf6 9. Nbxd4 Nxd4 10. Qxd4 Qxd4 11. Nxd4 Bd7 12. Re1 Rc8 13. Bb3 Bc5 14. Be3 Ng4 15. Nf5 Nxe3 16. Nxe3 O-O 17. Rad1 Rfd8 18. Rd2 Be8 19. Red1 Rxd2 20. Rxd2 Kf8 21. c3 Ke7 22.
Bc2 b5 23. Re2 Kf8 24. a3 a5 25. g3 h5 26. h4 g6 27. Be4 Ke7 28. Nd5+ Kf8 29.
Nf6 Bc6 30. Bxc6 Rxc6 31. Re5 Be7 32. Ne4 Rb6 33. Nc5 Ke8 34. Nb3 f6 35. Re2 a4 36.
Nd4 e5 37. Nc2 Rd6 38. Kf1 Kd7 39. Ke1 Kc7 40. f4 Rd5 41. fxe5 Rxe5 42. Rxe5 fxe5 43.
Kf2 Kc6 44. Kf3 Bc5 45. Ke4 Kd6 46. Ne1 Bf2 47. Nf3 Bxg3 48. c4 bxc4 49. Nd2 Kc5 50. Nf3 c3 51. bxc3 Kc4 52. Nxe5+ Bxe5 53. Kxe5 Kxc3 54.
Kf6 Kb3 55. Kxg6 Kxa3 56. Kxh5 Kb4 57. Kg6 a3 58. h5 a2 59. h6 a1=Q 60. h7 Qh8 0-1

[Event "Early-Titled-Tuesday-Blitz-October-03-2023"]
[Site "Chess.com"]
[Date "2023.10.03"]
[Round "10"]
[White "ActorXu"]
[Black "Zhigalko_Sergei"]
[Result "0-1"]
[WhiteElo "2723"]
[BlackElo "2924"]
[TimeControl "180+1"]
[EndTime "9:57:37 PDT"]
[Termination "Zhigalko_Sergei won by checkmate"]

1. e4 c5 2. Nf3 Nc6 3. Bb5 Nf6 4.
Bxc6 dxc6 5. d3 Bg4 6. h3 Bh5 7. Nc3 Qc7 8. Be3 Nd7 9. g4 Bg6 10. Nh4 e6 11. f4 Be7 12. Nf3 f6 13. Qd2 O-O-O 14. O-O-O Rhe8 15. Kb1 e5 16. Rhf1 Bd6 17. Nh4 Bf7 18. Nf5 Bf8 19. Qf2 Qa5 20. Bd2 b5 21. b3 c4 22. dxc4 bxc4 23. Na4 Qa6 24. Be3 exf4 25.
Bxf4 cxb3 26. axb3 Rxe4 27. Nd6+ Bxd6 28. Rxd6 Rxa4 29. bxa4 Qxa4 30. Rfd1 Bd5 31. Kb2 Qa2+ 32. Kc3 Re8 33. Qd4 Qa3+ 34. Kd2 Re4 35. Qd3 Qxd3+ 36. cxd3 Rxf4 37. Re1 Kc7 38. Rxd5 cxd5 39. Ke3 g5 40. Rc1+ Kb6 41. d4 Re4+ 42. Kf3 Nb8 43. h4 Nc6 44. hxg5 Nxd4+ 45. Kg3 Ne2+ 46. Kh4 Nxc1 47. gxf6 Rf4 48. Kg5 Rf2 49. Kh6 Rxf6+ 50. Kg7 Rf1 51. g5 Rg1 52. Kxh7 Rxg5 53. Kh6 Rg1 54. Kh5 d4 55.
Kh4 Ne2 56. Kh3 d3 57. Kh2 d2 58. Kh3 d1=Q 59. Kh2 Qd6+ 60. Kh3 Qg3# 0-1

[Event "Early-Titled-Tuesday-Blitz-October-03-2023"]
[Site "Chess.com"]
[Date "2023.10.03"]
[Round "10"]
[White "Rodalquilar"]
[Black "FERNANDEZL1983"]
[Result "1-0"]
[WhiteElo "2717"]
[BlackElo "2591"]
[TimeControl "180+1"]
[EndTime "9:57:42 PDT"]
[Termination "Rodalquilar won by resignation"]

1. d4 Nf6 2. Nf3 e6 3. Bf4 d5 4. e3 c5 5. Nbd2 Bd6 6. Bb5+ Nc6 7. Bg3 O-O 8. c3 Ne7 9. Bd3 c4 10. Bc2 b5 11. e4 dxe4 12. Nxe4 Nxe4 13. Bxe4 Nd5 14.
Ng5 g6 15. Qf3 Bb7 16. h4 h6 17. Nxe6 fxe6 18. Qg4 Rf6 19. Be5 Qf8 20. Bxg6 Qg7 21. Bxf6 Nxf6 22. Qxe6+ Kh8 23. h5 Bf4 24. Rg1 Bd5 25. Qe2 b4 26. g3 Bd6 27. g4 bxc3 28.
bxc3 Nh7 29. Rb1 Ng5 30. Kf1 Rf8 31. Rg2 Bxg2+ 32. Kxg2 Qf6 33. Rb7 Bf4 34. Qxc4 Be3 35. Qe2 Bxf2 36. Qe5 Qxe5 37. dxe5 Bb6 38. Bf5 Re8 39.
e6 Nxe6 40. Rh7+ Kg8 41. Rxh6 Nf4+ 42. Kf3 Bc7 43. Rc6 Bb8 44. Bd7 Rd8 45. Bf5 Nd5 46. c4 Ne7 47. Rc5 Nxf5 48. Rxf5 Rd3+ 49. Ke4 Ra3 50.
Rb5 Bc7 51. Kf5 Bb6 52. c5 Ra5 53. Rxa5 Bxa5 54. Ke6 Kg7 55. c6 Kf8 56. Kd7 Kf7 57.
c7 Bxc7 58. Kxc7 a5 59. Kb6 a4 60. Kb5 a3 61. Kb4 1-0

[Event "Early-Titled-Tuesday-Blitz-October-03-2023"]
[Site "Chess.com"]
[Date "2023.10.03"]
[Round "10"]
[White "karinachess1"]
[Black "szachuspl"]
[Result "1-0"]
[WhiteElo "2631"]
[BlackElo "2528"]
[TimeControl "180+1"]
[EndTime "9:57:42 PDT"]
[Termination "karinachess1 won by checkmate"]

1. d4 Nf6 2. c4 g6 3. g3 Bg7 4. Bg2 O-O 5. Nc3 d6 6. Nf3 Nbd7 7. O-O e5 8. e4 exd4 9. Nxd4 Nc5 10. h3 Re8 11.
Re1 a5 12. Qc2 c6 13. Be3 Nfd7 14. f4 a4 15. Rad1 Qa5 16. Bf2 Nf6 17. Kh2 a3 18. b3 Nfd7 19. Nde2 Qc7 20. Bd4 Bxd4 21. Nxd4 Na6 22.
Qf2 Nb4 23. Nf3 Nc5 24. Re3 Bd7 25. Qd2 Rad8 26. Qxd6 Qb6 27. Qf6 Be6 28. Rxd8 Qxd8 29. Qd4 Qxd4 30. Nxd4 Rd8 31. Nf3 h6 32. g4 Ncd3 33.
f5 Bc8 34. Re2 Nc1 35. Rd2 Rxd2 36. Nxd2 Ncxa2 37. Nxa2 Nxa2 38. Nb1 Nc1 39. Nxa3 Nxb3 40. Kg3 Kg7 41. Kf4 g5+ 42. Ke5 Kf8 43. Kd6 Ke8 44. Kc7 Bd7 45. Kxb7 Nc5+ 46. Kc7 Nd3 47. Kd6 f6 48. Nc2 Ne5 49. Bf1 Kf7 50. Nd4 Be8 51. Ne6 Nf3 52. Nd8+ Kf8 53. Nxc6 Nd2 54.
Bd3 Nf3 55. Nd4 Ne5 56. Bf1 Ba4 57. c5 Ke8 58. c6 Kd8 59. c7+ Kc8 60. Ba6# 1-0

[Event "Early-Titled-Tuesday-Blitz-October-03-2023"]
[Site "Chess.com"]
[Date "2023.10.03"]
[Round "10"]
[White "Cambek64"]
[Black "LaPiToB"]
[Result "1/2-1/2"]
[WhiteElo "2438"]
[BlackElo "2288"]
[TimeControl "180+1"]
[EndTime "9:57:44 PDT"]
[Termination "Game drawn - insufficient material"]

1. e4 c6 2. d3 d5 3. Nd2 Nf6 4. Ngf3 dxe4 5. dxe4 Bg4 6. c3 e6 7. Be2 Bc5 8. Ne5 Bxe2 9. Qxe2 O-O 10. O-O Nbd7 11. Ndf3 Qe7 12. Bg5 h6 13. Nxd7 Qxd7 14. Ne5 Qc7 15. Bxf6 gxf6 16. Ng4 Qf4 17. g3 Qg5 18. h4 Qg6 19. Kg2 Kh7 20. Rad1 Rg8 21. Rd7 Qxg4 22. Rxf7+ Kh8 23. Qxg4 Rxg4 24. Rxf6 Kg7 25.
Rxe6 Rd8 26. b4 Bf8 27. Kf3 Rg6 28. Rxg6+ Kxg6 29. Ke3 Bg7 30. Rc1 h5 31. f4 Rd7 32.
a4 Bf6 33. a5 a6 34. e5 Bd8 35. Ke4 Rd2 36. f5+ Kf7 37. Rf1 Bc7 38. e6+ Kf6 39. Rf3 Bd6 40. Re3 Rd5 41. Rf3 Re5+ 42. Kd4 Rd5+ 43. Kc4 Rxf5 44. Re3 Re5 45. Rd3 Kxe6 46. Rd4 Re3 47. g4 hxg4 48. Rxg4 Be5 49. Kc5 Bxc3 50. Kb6 Re2 51. Kxb7 Rb2 52. Kxc6 Bxb4 53. Kb6 Be1+ 54. Kxa6 Ra2 55. Rg5 Bxh4 56. Rb5 Be1 57. Kb6 Bxa5+ 58. Rxa5 Rxa5 59. Kxa5 1/2-1/2

[Event "Early-Titled-Tuesday-Blitz-October-03-2023"]
[Site "Chess.com"]
[Date "2023.10.03"]
[Round "10"]
[White "Magila31"]
[Black "DoctorCheckyll"]
[Result "0-1"]
[WhiteElo "2377"]
[BlackElo "2328"]
[TimeControl "180+1"]
[EndTime "9:57:45 PDT"]
[Termination "DoctorCheckyll won on time"]

1. d4 d5 2. c4 c6 3. Nf3 Nf6 4. Nc3 e6 5. e3 Nbd7 6. Qc2 Bd6 7.
b3 O-O 8. Bb2 Qe7 9. Be2 b6 10.
O-O Bb7 11. e4 dxe4 12. Nxe4 Nxe4 13. Qxe4 Nf6 14. Qh4 Ba3 15. Bc3 Bb4 16. Rac1 Bxc3 17.
Rxc3 c5 18. Re3 Bxf3 19. Bxf3 cxd4 20. Qxd4 Rad8 21. Qc3 Qc5 22. Re5 Qd4 23. Qxd4 Rxd4 24. Ree1 Rfd8 25. Rd1 Rd2 26. Rxd2 Rxd2 27. Rd1 Rxd1+ 28.
Bxd1 Kf8 29. Bf3 Ke7 30. Kf1 Kd6 31. Ke2 Kc5 32. Kd3 a5 33. a3 Nd7 34. Kc3 Ne5 35.
b4+ axb4+ 36. axb4+ Kd6 37. Be2 f5 38. Kb3 g5 39. Ka4 Nc6 40. Bd3 Nd4 41. Ka3 e5 42. Kb2 e4 43. Bf1 h5 44. Kc3 Nc6 45. g3 g4 46. h3 Ne5 47. Kd4 Nf3+ 48. Ke3 Ne5 49. Kf4 gxh3 50. Bxh3 Nxc4 51. Bxf5 Ne5 52. Bxe4 b5 53.
Bf3 Nd3+ 54. Ke3 Nxb4 55. Bxh5 Kc5 56. Bf7 Nc6 57. f4 Nd4 58. Kd3 b4 59. g4 Nf3 60. g5 Nh4 61. Be6 Ng6 62. f5 Nf4+ 63. Kc2 Kd6 64. g6 Nxe6 0-1